 Dungeon Crawl Stone Soup version 0.23-a0-577-g2b1de94 (webtiles) character file.

73056 gruber the Martial Artist (level 15, -4/115 HPs)
             Began as a Gnoll Transmuter on Dec 15, 2018.
             Was the Champion of Okawaru.
             Slain by a storm dragon (shapeshifter) (6 damage)
             ... on level 13 of the Dungeon.
             The game lasted 01:04:48 (28961 turns).

gruber the Martial Artist (Gnoll Transmuter)       Turns: 28961, Time: 01:04:48

Health: -4/115     AC:  5    Str: 13    XL:     15   Next: 42%
Magic:  0/30       EV: 43    Int: 22    God:    Okawaru [******]
Gold:   1740       SH:  0    Dex: 25    Spells: 21/36 levels left

rFire    . . .     SeeInvis .     - Unarmed
rCold    + . .     Gourm    .   (shield currently unavailable)
rNeg     . . .     Faith    .   (armour currently unavailable)
rPois    x         Spirit   +   (helmet currently unavailable)
rElec    .         Reflect  .   (cloak currently unavailable)
rCorr    .         Harm     .   (gloves currently unavailable)
MR       +....                  (boots currently unavailable)
Stlth    +++++++...             s - amulet of guardian spirit (curse)
HPRegen  0.29/turn              D - ring of protection from cold
MPRegen  0.22/turn              K - +3 ring of protection

@: agile, spider-form, heroism, finesse
A: tiny, distributed training, strong nose
a: End Transformation, Heroism, Finesse, Renounce Religion


You were on level 13 of the Dungeon.
You worshipped Okawaru.
Okawaru was exalted by your worship.
You were not hungry.
You were a venomous arachnid creature.
You visited 4 branches of the dungeon, and saw 23 of its levels.
You also visited: Ice Cave.

You collected 2213 gold pieces.
You spent 473 gold pieces at shops.

Inventory:

Hand Weapons
 L - the +6 rapier of the Foot (melded) {elec, rN+ MR+ Int+4}
   (You found it on level 8 of the Dungeon)

   Occasionally, upon striking a foe, it will discharge some electrical energy
   and cause terrible harm.
   It affects your intelligence (+4).
   It protects you from negative energy.
   It affects your resistance to hostile enchantments.
 T - the +7 Singing Sword {slice, sonic wave}
   (You found it on level 10 of the Dungeon)

   It inflicts extra damage upon your enemies.
Missiles
 a - 438 arrows
 V - 11 tomahawks of dispersal (quivered)
Armour
 k - a +2 robe of fire resistance (melded)
 z - a +0 shield (melded)
 I - +0 swamp dragon scales
 J - a +1 pair of boots of stealth (melded)
 N - a +1 cloak of magic resistance (melded)
 W - the +0 helmet "Nicvuzen" (melded) {rPois rC+ Dex+3}
   (Okawaru gifted it to you in an ice cave)

   It affects your dexterity (+3).
   It protects you from cold.
   It protects you from poison.
 X - +0 fire dragon scales
Jewellery
 s - a cursed amulet of guardian spirit (around neck)
 D - a ring of protection from cold (left front leg)
 K - a +3 ring of protection (right front leg)
 Q - an uncursed ring of flight
 Z - the amulet of Zighoh {Spirit rElec rPois Int-3 Slay-6, unknown}
   (You found it on level 14 of the Dungeon)

   [amulet of guardian spirit]

   It causes incoming damage to be split between your health and magic.
   It affects your intelligence (-3).
   It affects your accuracy and damage with ranged weapons and melee attacks
   (-6).
   It insulates you from electricity.
   It protects you from poison.
Wands
 f - a wand of disintegration (9)
 y - a wand of polymorph (4)
 B - a wand of enslavement (8)
 G - a wand of iceblast (6)
 O - a wand of digging (13)
 R - a wand of paralysis (13)
 U - a wand of acid (27)
Scrolls
 c - 2 scrolls of random uselessness {unknown}
 e - 5 scrolls of fog {unknown}
 g - 2 scrolls of noise {unknown}
 i - 5 scrolls of immolation {unknown}
 l - 16 scrolls of remove curse
 n - 2 scrolls of amnesia {unknown}
 p - 6 scrolls of identify
 r - 3 scrolls of fear
 u - 8 scrolls of teleportation
 v - 2 scrolls of blinking
 A - a scroll of magic mapping
 Y - 2 scrolls of holy word {unknown}
Potions
 h - 5 potions of invisibility
 j - 2 potions of resistance
 o - 4 potions of might
 q - 4 potions of berserk rage
 t - 5 potions of brilliance
 w - 4 potions of agility
 x - a potion of curing
 C - 3 potions of flight
 F - 2 potions of haste
 H - a potion of ambrosia
 M - 2 potions of cancellation
Miscellaneous
 b - a fan of gales
 E - a phial of floods
 S - a lightning rod (4/4)
Comestibles
 d - 35 rations


   Skills:
 + Level 10.2(15.2) Fighting
 + Level 9.9(14.9) Short Blades
 + Level 9.9(14.9) Long Blades
 + Level 9.9(14.9) Axes
 + Level 9.9(14.9) Maces & Flails
 + Level 9.9(14.9) Polearms
 + Level 9.9(14.9) Staves
 + Level 9.9(14.9) Slings
 + Level 9.9(14.9) Bows
 + Level 9.9(14.9) Crossbows
 + Level 9.9(14.9) Throwing
 + Level 9.9(14.9) Armour
 + Level 10.8(15.8) Dodging
 + Level 9.9(14.9) Stealth
 + Level 9.9(14.9) Shields
 + Level 11.6(16.6) Unarmed Combat
 + Level 11.0 Spellcasting
 + Level 8.3 Conjurations
 + Level 8.3 Hexes
 + Level 8.3 Charms
 + Level 8.3 Summonings
 + Level 8.3 Necromancy
 + Level 8.3 Translocations
 + Level 9.2 Transmutations
 + Level 8.3 Fire Magic
 + Level 8.3 Ice Magic
 + Level 8.3 Air Magic
 + Level 8.3 Earth Magic
 + Level 8.3 Poison Magic
 + Level 10.7 Invocations
 + Level 9.9 Evocations


You had 21 spell levels left.
You knew the following spells:

 Your Spells              Type           Power        Failure   Level  Hunger
a - Beastly Appendage     Tmut           ######       1%          1    None
b - Sticks to Snakes      Tmut           ######..     2%          2    None
c - Spider Form           Tmut/Pois      ######....   3%          3    None
d - Ice Form              Ice/Tmut       ######..     7%          4    #......
e - Blade Hands           Tmut           ######....   12%         5    ####...

Your spell library contained the following spells:

 Spells                   Type           Power        Failure   Level  Hunger
 Corona                   Hex            #####..      2%          1    None
 Sandblast                Erth           #####.       2%          1    None
 Sting                    Conj/Pois      ####         2%          1    None
 Ensorcelled Hibernation  Hex/Ice        #####.       2%          2    None
 Passwall                 Tmut/Erth      ######..     2%          2    None
 Poisonous Vapours        Pois/Air       #####.       2%          2    None
 Confuse                  Hex            #####...     3%          3    None
 Dazzling Spray           Conj/Hex       #####.       3%          3    None
 Mephitic Cloud           Conj/Pois/Air  #####...     3%          3    None
 Stone Arrow              Conj/Erth      #####.       3%          3    None
 Tukima's Dance           Hex            #####...     3%          3    None
 Petrify                  Tmut/Erth      ######..     7%          4    #......
 Cause Fear               Hex            #####.....   8%          4    #......
 Leda's Liquefaction      Hex/Erth       #####.....   8%          4    #......
 Olgreb's Toxic Radiance  Pois           #####...     8%          4    #......
 Yara's Violent Unravell  Hex/Tmut       ######....   13%         5    ####...
 Bolt of Magma            Conj/Fire/Erth #####.....   14%         5    ####...
 Lee's Rapid Deconstruct  Erth           #####.....   14%         5    ####...
 Silence                  Hex/Air        #####.....   14%         5    ####...
 Venom Bolt               Conj/Pois      #####.....   14%         5    ####...
 Statue Form              Tmut/Erth      ######...    43%         6    ######.
 Deflect Missiles         Chrm/Air       #####.....   47%         6    ######.
 Iron Shot                Conj/Erth      #####.....   47%         6    ######.
 Discord                  Hex            #####.....   100%        8    #######
 Shatter                  Erth           #####.....   100%        9    #######


Dungeon Overview and Level Annotations

Branches:
Dungeon (14/15)            Temple (1/1) D:7            Lair (6/6) D:10
 Shoals (0/4) Lair:4       Spider (0/4) Lair:4        Slime (0/5) Lair:6
    Orc (2/2) D:9
    Elf: Orc:2       Vaults: D:13-14

Altars:
Ashenzari
Cheibriados
Dithmenos
Elyvilon
Fedhas
Gozag
Hepliaklqana
Kikubaaqudgha
Makhleb
Nemelex Xobeh
Okawaru
Qazlal
Ru
Sif Muna
Trog
Uskayaw
Vehumet
Wu Jian
Xom
Yredelemnul
Zin
The Shining One
Beogh
Jiyva

Shops:
D:4 ?   D:7 !   Orc:1 (*}?%

Annotations:
Lair:4 exclusion: 2 oklob plants
Lair:5 3 runed doors, gruber's ghost, journeyman GnTm
Lair:6 3 runed doors, MisterFreud's ghost, journeyman MiAK
Orc:2 Donald


Innate Abilities, Weirdness & Mutations

Your experience applies equally to all skills.
((You have very sharp teeth.))
Your uncanny sense of smell can sniff out nearby items.


Message History

The storm dragon breathes lightning at you.
The bolt of lightning misses you.
There isn't anything here!
You feel agile all of a sudden. The storm dragon completely misses you.
The storm dragon closely misses you. The storm dragon tramples you!
* * * LOW HITPOINT WARNING * * *
You stumble backwards!
Unknown command.
Unknown command.
Unknown command.
You feel better. The storm dragon misses you. x2
The storm dragon completely misses you.
Unknown command.
Unknown command.
You feel better. The storm dragon misses you.
The storm dragon completely misses you. x2; The storm dragon bites you!!
* * * LOW HITPOINT WARNING * * *
The storm dragon claws you.
You die...

....'.............#...###.......#
....#...........#'#.....#.......#
....#)#####.....#.......#.......#
....#.# #.....##......###.....#
....#.# #......#........#.....#
...##.# #......#........#.....#
...#..#####......#####....'.....#
...#...............>.######.....#
...#............sD.........)....#
...#.............................
...#.....#############.[..###....
...#.....#...........#...[#.#....
...#######.########..#..).#.#....
...........)......#..#..[.#.#....
...........#......#..#....#.#####
#..........##.....#..######......
#...........#...(.#..............


You could see a storm dragon.

Vanquished Creatures
  A frost giant (IceCv)
  A fire dragon (Lair:6)
  4 centaur warriors
  4 hydras
  Erica (Orc:1)
  4 two-headed ogres
  A queen ant (Lair:2)
  A tengu warrior (D:12)
  6 death yaks
  An unseen horror (D:10)
  A swamp dragon (Lair:6)
  Pikel (D:8)
  A deep elf mage (D:12)
  An orc knight (Orc:1)
  A wolf spider (Lair:4)
  An oklob plant (Lair:4)
  7 ugly things
  2 manticores (D:11)
  Maurice (D:13)
  An orc sorcerer (Orc:2)
  4 elephants (Lair:4)
  A centaur zombie (D:12)
  2 torpor snails (Lair:4)
  An ice statue (IceCv)
  5 rime drakes
  14 spiny frogs
  5 komodo dragons
  A tengu conjurer (D:13)
  2 hornets
  5 trolls
  13 polar bears
  A snapping turtle (Lair:4)
  25 blink frogs
  7 dream sheep (Lair:6)
  4 hippogriffs
  A shadow (D:13)
  Sigmund (D:3)
  63 yaks
  A wraith (D:12)
  A golden eye (shapeshifter) (D:13)
  5 basilisks
  4 wyverns
  2 steam dragons (Lair:6)
  Grum (D:9)
  8 soldier ants
  A warg (Orc:1)
  4 acid dragons
  16 water moccasins
  Duvessa (D:5)
  8 porcupines
  17 orc warriors
  4 ice beasts
  2 swamp drakes
  A sky beast (D:10)
  4 black bears
  10 ogres
  2 phantoms
  A necrophage (D:12)
  6 centaurs
  40 wolves
  23 crocodiles
  4 big kobolds
  16 bullfrogs
  Dowan (D:5)
  7 scorpions
  20 killer bees
  9 wights
  2 electric eels (Lair:4)
  6 howler monkeys
  2 crimson imps
  A quasit (D:6)
  7 orc priests
  2 bullfrog zombies
  9 hounds
  7 jellies
  2 centaur skeletons
  2 bullfrog skeletons (D:9)
  8 iguanas
  26 orc wizards
  32 worker ants
  A hound skeleton (D:6)
  A worker ant zombie (D:9)
  14 adders
  2 shadow imps
  9 oozes
  An adder skeleton (D:8)
  A worm (D:2)
  A dart slug (D:2)
  3 leopard geckos
  82 orcs
  4 giant cockroaches
  7 goblins
  3 hobgoblins
  4 jackals (D:4)
  A quokka (D:5)
  11 bats
  4 frilled lizards
  2 jackal skeletons
  13 kobolds
  6 rats
  A fungus (Lair:6)
  5 plants
697 creatures vanquished.

Vanquished Creatures (collateral kills)
  An oklob plant (Lair:5)
  A fungus (Lair:5)
2 creatures vanquished.

Vanquished Creatures (others)
  A death yak (IceCv)
  A polar bear (IceCv)
  2 yaks (IceCv)
  3 slaves (D:8)
  A wolf (IceCv)
  An iguana (D:8)
  2 orc priests (D:8)
  An orc wizard (D:9)
  An adder zombie (D:8)
  4 orcs (D:8)
  A kobold (D:9)
  20 fungi
  31 plants
69 creatures vanquished.

Grand Total: 768 creatures vanquished

Notes
Turn   | Place    | Note
-------+----------+-------------------------------------------
     0 | D:1      | gruber the Gnoll Transmuter began the quest for the Orb.
     0 | D:1      | Reached XP level 1. HP: 17/17 MP: 6/6
    62 | D:1      | Reached XP level 2. HP: 20/23 MP: 5/7
   102 | D:1      | Learned a level 2 spell: Sticks to Snakes
   445 | D:2      | Reached XP level 3. HP: 25/28 MP: 9/9
   462 | D:2      | Reached skill level 5 in Spellcasting
   499 | D:2      | Learned a level 3 spell: Spider Form
   688 | D:2      | Reached skill level 1 in Invocations
   818 | D:2      | Reached skill level 1 in Short Blades
   818 | D:2      | Reached skill level 1 in Long Blades
   818 | D:2      | Reached skill level 1 in Axes
   818 | D:2      | Reached skill level 1 in Maces & Flails
   818 | D:2      | Reached skill level 1 in Polearms
   818 | D:2      | Reached skill level 1 in Staves
   818 | D:2      | Reached skill level 1 in Slings
   818 | D:2      | Reached skill level 1 in Bows
   818 | D:2      | Reached skill level 1 in Crossbows
   818 | D:2      | Reached skill level 1 in Throwing
   818 | D:2      | Reached skill level 1 in Armour
   818 | D:2      | Reached skill level 1 in Stealth
   818 | D:2      | Reached skill level 1 in Shields
   818 | D:2      | Reached skill level 1 in Evocations
   852 | D:2      | Reached XP level 4. HP: 29/34 MP: 1/11
   896 | D:2      | Learned a level 4 spell: Ice Form
  1138 | D:3      | Found a bloodstained altar of Trog.
  1337 | D:3      | Noticed Sigmund
  1342 | D:3      | Killed Sigmund
  1342 | D:3      | Reached skill level 1 in Conjurations
  1342 | D:3      | Reached skill level 1 in Hexes
  1342 | D:3      | Reached skill level 1 in Charms
  1342 | D:3      | Reached skill level 1 in Summonings
  1342 | D:3      | Reached skill level 1 in Necromancy
  1342 | D:3      | Reached skill level 1 in Translocations
  1342 | D:3      | Reached skill level 1 in Fire Magic
  1342 | D:3      | Reached skill level 1 in Ice Magic
  1342 | D:3      | Reached skill level 1 in Air Magic
  1342 | D:3      | Reached skill level 1 in Earth Magic
  1342 | D:3      | Reached skill level 1 in Poison Magic
  1342 | D:3      | Reached XP level 5. HP: 41/41 MP: 9/12
  1342 | D:3      | Reached XP level 6. HP: 47/47 MP: 9/13
  1363 | D:3      | Learned a level 5 spell: Blade Hands
  1504 | D:3      | Found a shimmering altar of Xom.
  1505 | D:3      | Found a sparkling altar of Nemelex Xobeh.
  1505 | D:3      | Found an ancient bone altar of Kikubaaqudgha.
  2120 | D:4      | Reached skill level 5 in Dodging
  2356 | D:4      | Found Utigedgh's Magic Scroll Emporium.
  2372 | D:4      | Bought a scroll of teleportation for 30 gold pieces
  2372 | D:4      | Bought a scroll of teleportation for 30 gold pieces
  2372 | D:4      | Bought a scroll of blinking for 75 gold pieces
  2372 | D:4      | Bought a scroll of identify for 20 gold pieces
  2489 | D:4      | Found a sacrificial altar of Ru.
  2752 | D:4      | Reached XP level 7. HP: 36/52 MP: 12/15
  3073 | D:5      | Entered Level 5 of the Dungeon
  3434 | D:5      | Reached XP level 8. HP: 60/60 MP: 13/16
  3435 | D:5      | Noticed Duvessa
  3439 | D:5      | Noticed Dowan
  3464 | D:5      | Killed Duvessa
  3466 | D:5      | Killed Dowan
  4495 | D:6      | Reached XP level 9. HP: 66/66 MP: 18/18
  4727 | D:6      | Reached skill level 5 in Transmutations
  5463 | D:7      | Reached skill level 5 in Fighting
  5987 | D:7      | Reached skill level 5 in Invocations
  6264 | D:7      | Found a staircase to the Ecumenical Temple.
  6270 | Temple   | Entered the Ecumenical Temple
  6377 | Temple   | Became a worshipper of Warmaster Okawaru
  6512 | D:7      | Found Teankuh's Distillery.
  6520 | D:7      | Bought a potion of magic for 88 gold pieces
  6520 | D:7      | Bought a potion of flight for 33 gold pieces
  6520 | D:7      | Bought a potion of curing for 33 gold pieces
  6635 | D:8      | Noticed a red ugly thing
  6655 | D:8      | Killed a red ugly thing
  6655 | D:8      | Reached XP level 10. HP: 44/74 MP: 11/20
  6817 | D:8      | Noticed Pikel
  6845 | D:8      | Killed Pikel
  6845 | D:8      | Reached * piety under Okawaru
  6845 | D:8      | Reached skill level 5 in Short Blades
  6845 | D:8      | Reached skill level 5 in Long Blades
  6845 | D:8      | Reached skill level 5 in Axes
  6845 | D:8      | Reached skill level 5 in Maces & Flails
  6845 | D:8      | Reached skill level 5 in Polearms
  6845 | D:8      | Reached skill level 5 in Staves
  6845 | D:8      | Reached skill level 5 in Slings
  6845 | D:8      | Reached skill level 5 in Bows
  6845 | D:8      | Reached skill level 5 in Crossbows
  6845 | D:8      | Reached skill level 5 in Throwing
  6845 | D:8      | Reached skill level 5 in Armour
  6845 | D:8      | Reached skill level 5 in Stealth
  6845 | D:8      | Reached skill level 5 in Shields
  6845 | D:8      | Reached skill level 5 in Evocations
  7582 | D:8      | Got a bloodstained rapier
  7583 | D:8      | Identified the +6 rapier of the Foot {elec, rN+ MR+ Int+4}
                  | (You found it on level 8 of the Dungeon)
  8042 | D:8      | Reached ** piety under Okawaru
  8193 | D:9      | Noticed a two-headed ogre
  8210 | D:9      | Killed a two-headed ogre
  8404 | D:9      | Reached *** piety under Okawaru
  8441 | D:9      | Noticed Grum
  8451 | D:9      | Killed Grum
  8519 | D:9      | Reached XP level 11. HP: 81/82 MP: 20/22
  8956 | D:9      | Reached **** piety under Okawaru
  8991 | D:9      | Found a deep blue altar of Sif Muna.
  8991 | D:9      | Found a glowing golden altar of the Shining One.
  9172 | D:9      | Found a staircase to the Orcish Mines.
  9196 | D:9      | Reached skill level 5 in Conjurations
  9196 | D:9      | Reached skill level 5 in Hexes
  9196 | D:9      | Reached skill level 5 in Charms
  9196 | D:9      | Reached skill level 5 in Summonings
  9196 | D:9      | Reached skill level 5 in Necromancy
  9196 | D:9      | Reached skill level 5 in Translocations
  9196 | D:9      | Reached skill level 5 in Fire Magic
  9196 | D:9      | Reached skill level 5 in Ice Magic
  9196 | D:9      | Reached skill level 5 in Air Magic
  9196 | D:9      | Reached skill level 5 in Earth Magic
  9196 | D:9      | Reached skill level 5 in Poison Magic
 10127 | D:10     | Entered Level 10 of the Dungeon
 10196 | D:10     | Killed an unseen horror
 10574 | D:10     | Reached ***** piety under Okawaru
 10891 | D:10     | Noticed a two-headed ogre
 10899 | D:10     | Killed a two-headed ogre
 10899 | D:10     | Received a gift from Okawaru
 11032 | D:10     | Reached XP level 12. HP: 76/91 MP: 20/24
 11155 | D:10     | Found a staircase to the Lair.
 11297 | D:10     | Found the +7 Singing Sword {slice, sonic wave}
 11579 | D:11     | Found a frozen archway.
 11587 | D:11     | Found a basalt altar of Yredelemnul.
 11611 | IceCv    | Entered an ice cave
 11690 | IceCv    | Received a gift from Okawaru
 12904 | IceCv    | Received a gift from Okawaru
 13036 | IceCv    | Reached skill level 10 in Unarmed Combat
 13158 | IceCv    | Noticed a death yak
 13168 | IceCv    | Received a gift from Okawaru
 13205 | IceCv    | Noticed a frost giant
 13274 | IceCv    | Killed a death yak
 13481 | IceCv    | Killed a frost giant
 13481 | IceCv    | Received a gift from Okawaru
 13482 | IceCv    | Got a dazzling helmet {god gift}
 13553 | IceCv    | Identified the +0 helmet "Nicvuzen" {rPois rC+ Dex+3}
                  | (Okawaru gifted it to you in an ice cave)
 13709 | IceCv    | Noticed a death yak
 13721 | IceCv    | Killed a death yak
 14123 | D:11     | Reached XP level 13. HP: 95/98 MP: 24/26
 16018 | Lair:1   | Entered Level 1 of the Lair of Beasts
 17236 | Lair:2   | Reached ****** piety under Okawaru
 17236 | Lair:2   | Received a gift from Okawaru
 18464 | Lair:3   | Reached skill level 10 in Spellcasting
 18604 | Lair:3   | Reached XP level 14. HP: 69/108 MP: 12/28
 19294 | Lair:4   | Reached skill level 10 in Dodging
 19537 | Lair:4   | Found a hole to the Spider Nest.
 19600 | Lair:4   | Found a staircase to the Shoals.
 19887 | Lair:4   | Received a gift from Okawaru
 21265 | Lair:5   | Got a transparent great mace
 21311 | Lair:5   | Found a runed gate.
 21312 | Lair:5   | Found a runed gate.
 21313 | Lair:5   | Found a runed gate.
 21313 | Lair:5   | Noticed gruber's ghost (journeyman GnTm)
 21358 | Lair:5   | Reached skill level 10 in Invocations
 21635 | Lair:5   | Found the cursed necklace of Bloodlust {*Rage +Rage MR++
                  | Int-3 Slay+6 *Curse}
 22114 | Lair:6   | Entered Level 6 of the Lair of Beasts
 23197 | D:4      | Bought 3 scrolls of identify for 60 gold pieces
 23197 | D:4      | Bought a scroll of identify for 20 gold pieces
 23197 | D:4      | Bought a scroll of remove curse for 30 gold pieces
 23197 | D:4      | Identified the +10 great mace "Diebrox" {flame, -Tele rElec
                  | MR+ Int+5} (You found it on level 5 of the Lair of Beasts)
 23514 | Lair:6   | Found a runed gate.
 23528 | Lair:6   | Noticed MisterFreud's ghost (journeyman MiAK)
 23529 | Lair:6   | Found a runed gate.
 23529 | Lair:6   | Found a runed gate.
 23530 | Lair:6   | Found a viscous altar of Jiyva.
 23531 | Lair:6   | Found the +2 robe of Vines {NoPotionHeal Regen+7}
 24257 | Lair:6   | Found a staircase to the Slime Pits.
 24612 | Lair:6   | Reached XP level 15. HP: 113/115 MP: 29/29
 25755 | Lair:6   | Received a gift from Okawaru
 25755 | Lair:6   | Reached skill level 10 in Fighting
 26142 | Orc:1    | Entered Level 1 of the Orcish Mines
 26142 | Orc:1    | Found Azaofulepnil's Gadget Shoppe.
 26152 | Orc:1    | Found Plog's General Store.
 26235 | Orc:1    | Found a roughly hewn altar of Beogh.
 26240 | Orc:1    | Noticed Erica
 26247 | Orc:1    | Killed Erica
 26297 | Orc:1    | Found Qeyfer's Magic Scroll Emporium.
 26335 | Orc:1    | Found Pialeol's Food Shoppe.
 26461 | Orc:1    | Bought a potion of curing for 54 gold pieces
 26559 | Orc:1    | Found Xuinte Ginn's Weapon Boutique.
 26965 | Orc:2    | Entered Level 2 of the Orcish Mines
 27006 | Orc:2    | Noticed Donald
 28045 | D:13     | Noticed Maurice
 28066 | D:13     | Killed Maurice
 28133 | D:14     | Got a glittering ruby amulet
 28206 | D:14     | HP: 4/115 [poisoned by a green ugly thing]
 28934 | D:14     | Noticed a storm dragon
 28957 | D:13     | HP: 4/115 [storm dragon (shapeshifter) (6)]
 28961 | D:13     | Slain by a storm dragon (shapeshifter)

Vault maps used:
D:1:      nicolae_arrival_memento_mori
D:3:      gammafunk_temple_overflow_forgotten, trog_hazing_becter, uniq_sigmund
D:4:      nicolae_ru_sacrificial_ziggurat, first_ration, serial_shops, shop,
          minmay_misc_feat_columns
D:5:      uniq_duvessa
D:7:      minmay_temple_entry_fiery, serial_shops, shop
D:8:      uniq_pikel
D:9:      gammafunk_temple_overflow_wave, erik_orc_1, grunt_ogre_cave,
          grunt_decor_fettered, minmay_unpleasant_kobolds, uniq_grum
D:10:     old_forge, grunt_lair_entry_orc_guard_hut, hex_large,
          kennysheep_generic_room_11
D:11:     portal_ice_cave_entry_pillars_2, hangedman_abyss_or_decor_stabs,
          yredelemnul_altar_generic
D:12:     minivault_10
D:13:     uniq_maurice
D:14:     grunt_vaults_entry_tiered,
          nicolae_gozag_cash_rules_everything_around_me
Temple:   eino_temple_scatter_basement
Lair:1:   beast_lair_carwin_1
Lair:2:   zaba_antful_of_joy
Lair:3:   grunt_megastairs_1
Lair:4:   minmay_lair_oklob_tunnel, minmay_shoals_entry_hut,
          spider_nest_entry_rubble, minivault_24, serial_bayou_shore_a,
          lemuel_fruit_tree
Lair:5:   gammafunk_ghost_hydra_chop, chequers_serial_rivers_micro_a
Lair:6:   guppyfry_lair_end_dragon, nicolae_slime_entry_slimehenge,
          gammafunk_ghost_ooze
Orc:1:    serial_shops, nicolae_shop_stone, nicolae_shop_crystal,
          nicolae_shop_window_shopping, shop, nicolae_shop_stone,
          lemuel_statue_altar, uniq_erica
Orc:2:    grunt_orc_gardens, grunt_orc_garden, grunt_orc_garden,
          grunt_orc_garden, grunt_orc_garden, uniq_snorg, uniq_urug, uniq_donald
IceCv:    ice_cave_caverns_02

Skill      XL: |  1  2  3  4  5  6  7  8  9 10 11 12 13 14 15 |
---------------+----------------------------------------------+-----
Spellcasting   | 5 6 7 8 9 10 11 | 11.0
Invocations    | 1 2 3 4 5 6 7 8 9 10 | 10.7
Short Blades   | 1 2 3 4 5 6 7 8 9 |  9.9
Long Blades    | 1 2 3 4 5 6 7 8 9 |  9.9
Axes           | 1 2 3 4 5 6 7 8 9 |  9.9
Maces & Flails | 1 2 3 4 5 6 7 8 9 |  9.9
Polearms       | 1 2 3 4 5 6 7 8 9 |  9.9
Staves         | 1 2 3 4 5 6 7 8 9 |  9.9
Slings         | 1 2 3 4 5 6 7 8 9 |  9.9
Bows           | 1 2 3 4 5 6 7 8 9 |  9.9
Crossbows      | 1 2 3 4 5 6 7 8 9 |  9.9
Throwing       | 1 2 3 4 5 6 7 8 9 |  9.9
Armour         | 1 2 3 4 5 6 7 8 9 |  9.9
Stealth        | 1 2 3 4 5 6 7 8 9 |  9.9
Shields        | 1 2 3 4 5 6 7 8 9 |  9.9
Evocations     | 1 2 3 4 5 6 7 8 9 |  9.9
Fighting       | 3 4 5 6 7 8 9 10 | 10.2
Conjurations   | 1 2 3 4 5 6 7 8 |  8.3
Hexes          | 1 2 3 4 5 6 7 8 |  8.3
Charms         | 1 2 3 4 5 6 7 8 |  8.3
Summonings     | 1 2 3 4 5 6 7 8 |  8.3
Necromancy     | 1 2 3 4 5 6 7 8 |  8.3
Translocations | 1 2 3 4 5 6 7 8 |  8.3
Transmutations | 4 5 6 7 8 9 |  9.2
Fire Magic     | 1 2 3 4 5 6 7 8 |  8.3
Ice Magic      | 1 2 3 4 5 6 7 8 |  8.3
Air Magic      | 1 2 3 4 5 6 7 8 |  8.3
Earth Magic    | 1 2 3 4 5 6 7 8 |  8.3
Poison Magic   | 1 2 3 4 5 6 7 8 |  8.3
Dodging        | 5 6 7 8 9 10 | 10.8
Unarmed Combat | 7 8 9 10 11 | 11.6

Action                   |  1- 3 |  4- 6 |  7- 9 | 10-12 | 13-15 || total
-------------------------+-------+-------+-------+-------+-------++-------
Melee: Unarmed           |    93 |    89 |   208 |   675 |  1073 ||  2138
       Headbutt          |     2 |       |       |       |       ||     2
       Bite              |     8 |     4 |    15 |    19 |    46 ||    92
       Punch             |     1 |     1 |     7 |     4 |     2 ||    15
       Kick              |     4 |       |       |       |       ||     4
       Long sword        |       |       |   109 |     2 |       ||   111
       Rapier            |       |       |       |    87 |   325 ||   412
       Double sword      |       |       |       |    42 |       ||    42
Throw: Stone             |       |     2 |       |     1 |       ||     3
 Cast: Beastly Appendage |     7 |       |       |       |       ||     7
       Spider Form       |     3 |    15 |    20 |    36 |    40 ||   114
       Ice Form          |       |     1 |     2 |    21 |    40 ||    64
       Sticks to Snakes  |       |       |       |       |    11 ||    11
       Blade Hands       |       |       |       |       |     1 ||     1
Invok: Heroism           |       |       |       |     2 |     6 ||     8
       Finesse           |       |       |       |     1 |     1 ||     2
 Abil: End Transformatio |       |     1 |       |       |       ||     1
  Use: Scroll            |       |       |     9 |     6 |     8 ||    23
       Potion            |       |       |       |       |    11 ||    11
 Stab: Sleeping          |     1 |     3 |     4 |     8 |    36 ||    52
       Distracted        |       |       |     2 |     2 |     5 ||     9
  Eat: Chunk             |       |     7 |    11 |    24 |    43 ||    85
       Ration            |       |       |     1 |     1 |     2 ||     4
Armor: Robe              |    13 |     6 |    17 |    23 |    12 ||    71
       Skin              |     2 |     4 |     9 |    82 |    76 ||   173
       Leather armour    |       |       |       |     5 |    44 ||    49
Dodge: Dodged            |    67 |    87 |   288 |   729 |  1061 ||  2232
Block: Shield            |       |       |       |     2 |   148 ||   150
       Rpst.: Long sword |       |       |    33 |     1 |       ||    34
       Double sword      |       |       |       |    14 |       ||    14

Table legend:
 A = Non-vault XP
 B = Vault XP
 C = Vault XP percentage of total XP
 D = Non-vault monster count
 E = Vault monster count
 F = Vault count percentage of total count
                 A         B        C        D         E       F
            +---------+---------+-------+---------+---------+-------
      Total |   77264 |   27102 |  26.0 |     516 |     177 |  25.5
            +---------+---------+-------+---------+---------+-------
        D:1 |      27 |       0 |   0.0 |      13 |       0 |   0.0
        D:2 |      73 |       0 |   0.0 |      19 |       0 |   0.0
        D:3 |      25 |     231 |  90.2 |       7 |       7 |  50.0
        D:4 |     331 |       0 |   0.0 |      16 |       0 |   0.0
        D:5 |     647 |     221 |  25.5 |      16 |       2 |  11.1
        D:6 |    1240 |       0 |   0.0 |      31 |       0 |   0.0
        D:7 |    1575 |       0 |   0.0 |      34 |       0 |   0.0
        D:8 |    2275 |     641 |  22.0 |      36 |       1 |   2.7
        D:9 |    3692 |    1511 |  29.0 |      35 |      27 |  43.5
       D:10 |    5699 |     953 |  14.3 |      32 |      16 |  33.3
       D:11 |    3673 |       0 |   0.0 |      33 |       0 |   0.0
       D:12 |    4145 |       0 |   0.0 |      26 |       0 |   0.0
       D:13 |    5819 |     503 |   8.0 |      26 |       1 |   3.7
       D:14 |    4127 |       0 |   0.0 |       7 |       0 |   0.0
     Lair:1 |    2574 |    1621 |  38.6 |      10 |       9 |  47.4
     Lair:2 |    7256 |    2813 |  27.9 |      39 |      32 |  45.1
     Lair:3 |    1559 |     877 |  36.0 |       5 |       7 |  58.3
     Lair:4 |    9575 |    1458 |  13.2 |      36 |       4 |  10.0
     Lair:5 |    7789 |       0 |   0.0 |      27 |       0 |   0.0
     Lair:6 |   12697 |    3868 |  23.4 |      42 |      22 |  34.4
      Orc:1 |    1967 |     902 |  31.4 |      25 |       1 |   3.8
      Orc:2 |     499 |       0 |   0.0 |       1 |       0 |   0.0
      IceCv |       0 |   11503 | 100.0 |       0 |      48 | 100.0
            +---------+---------+-------+---------+---------+-------
